 Dungeon Sprint DCSS version 0.29-a0-113-g078de9bc30 (webtiles) character file.

Game seed: 12359000496924672101

5 cyrus the Skirmisher (level 2, -3/25 HPs)
             Began as a Merfolk Fighter on Feb 15, 2022.
             Was an Initiate of Yredelemnul.
             Slain by a phantom (4 damage)
             ... in the Dungeon (Sprint VI: "Thunderdome") on Feb 19, 2022.
             The game lasted 00:01:23 (140 turns).

cyrus the Skirmisher (Merfolk Fighter)               Turns: 140, Time: 00:01:24

Health: -3/25      AC:  6    Str: 16    XL:     2   Next: 16%
Magic:  2/2        EV:  8    Int:  7    God:    Yredelemnul [......]
Gold:   210        SH:  5    Dex: 13    Spells: 1/1 levels left

rFire   . . .      SeeInvis .   a - +0 trident
rCold   . . .      Faith    .   c - +0 buckler
rNeg    . . .      Spirit   .   b - +0 scale mail
rPois   .          Reflect  .   (no helmet)
rElec   .          Harm     .   (no cloak)
rCorr   .          Rampage  .   (no gloves)
Will    .....      NoTele   +   (no boots)
Stlth   ..........              (no amulet)
HPRegen 0.08/turn               (no ring)
MPRegen 0.08/turn               (no ring)

@: no status effects
A: (nimble swimmer 2), mertail
a: Renounce Religion, Recall Undead Harvest


You were in the Dungeon.
You worshipped Yredelemnul.
Yredelemnul was noncommittal.
You visited 1 branch You collected 210 gold pieces.

Inventory:

Hand Weapons
 a - a +0 trident (weapon)
Armour
 b - a +0 scale mail (worn)
 c - a +0 buckler (worn)
Wands
 l - a wand of acid (5)
 m - a wand of iceblast (5)
Scrolls
 j - 4 scrolls of blinking
 n - 3 scrolls of fog
Potions
 d - a potion of might
 e - a potion of curing
 f - 3 potions of heal wounds
 g - 4 potions of haste
 h - 2 potions of magic
 i - a potion of berserk rage
 k - a potion of resistance


   Skills:
 + Level 4.1 Fighting
 + Level 3.3 Polearms
 + Level 2.8 Armour
 + Level 3.7 Shields


You had one spell level left.
You didn't know any spells.
Your spell library was empty.

Dungeon Overview and Level Annotations

Branches:
Dungeon (1/1)

Altars:
Cheibriados
Dithmenos
Fedhas
Kikubaaqudgha
Qazlal
Sif Muna
Trog
Uskayaw
Wu Jian
Xom
Yredelemnul
Zin
The Shining One
Beogh
Lugonu

Shops:
D ?*?*:[((!!!!


Innate Abilities, Weirdness & Mutations

((You are very nimble when in or above water. (Stealth+, EV+, Speed+++)))
Your lower body shifts to a powerful aquatic tail in water.


Message History

The phantom is moderately damaged.
The phantom hits you.
* * * LOW HITPOINT WARNING * * *
You miss the phantom.
The phantom is moderately damaged.
You block the phantom's attack.
A goblin comes into view. It is wielding a +0 club.
You miss the phantom.
The phantom is moderately damaged.
The goblin shouts!
You block the phantom's attack. The phantom hits you.
* * * LOW HITPOINT WARNING * * *
You hit the phantom.
The phantom is heavily damaged.
The phantom hits you but does no damage.
You barely miss the phantom.
The phantom is heavily damaged.
The phantom hits you but does no damage.
You hit the phantom but do no damage.
The phantom is heavily damaged.
The phantom hits you but does no damage.
You hit the phantom.
The phantom is heavily damaged.
The phantom barely misses you.
You barely miss the phantom.
The phantom is heavily damaged.
The phantom hits you but does no damage.
The goblin barely misses you.
You hit the phantom.
The phantom is severely damaged.
The phantom hits you but does no damage.
You block the goblin's attack.
The phantom hits you but does no damage.
You closely miss the phantom.
The phantom is severely damaged.
The goblin hits you with a +0 club.
* * * LOW HITPOINT WARNING * * *
The phantom hits you.
You die...
Your body rises from the dead as a mindless zombie.

#∩.......∩# #........_#
#_......._# #_......._#
###.........###
#⌠...........⌠#
#.8.........8.######
......###......g_.∩##
...8. #.8...@W...∩###
.....###.....).......##
.# #...###..........⌠#
#.<.# #..........§# .#
#...###..........⌠#
.....###.............##
...8. #.8...)....∩###
......###......___∩##
#.8.........8.######


You could see a phantom and a goblin.

Vanquished Creatures
  An ufetubus (D)
  An orc (D)
  2 goblins (D)
4 creatures vanquished.

Notes
Turn   | Place    | Note
-------+----------+-------------------------------------------
     0 | D        | cyrus the Merfolk Fighter began the quest for the Orb.
     0 | D        | Reached XP level 1. HP: 18/18 MP: 1/1
     1 | D        | Found a shadowy altar of Dithmenos.
     1 | D        | Found an ornate altar of the Wu Jian Council.
     4 | D        | Found a glowing silver altar of Zin.
     4 | D        | Found a shimmering blue altar of Sif Muna.
     5 | D        | Found a glowing golden altar of the Shining One.
     5 | D        | Found a shimmering altar of Xom.
     5 | D        | Round 1.
     6 | D        | Found a bloodstained altar of Trog.
     7 | D        | Found a corrupted altar of Lugonu.
     7 | D        | Found an ancient bone altar of Kikubaaqudgha.
     7 | D        | Found Ruetiagu's Staff Store.
     7 | D        | Found Laorax's Magic Scroll Shop.
     8 | D        | Found Hick's Must-Have Magic.
     8 | D        | Found Erept's Magic Scroll Shop.
    20 | D        | Found Ynoig's Distillery.
    22 | D        | Found Ileeff's Distillery.
    22 | D        | Found Lymoweco's Bottled Wisdom.
    26 | D        | Found a blossoming altar of Fedhas.
    26 | D        | Found a basalt altar of Yredelemnul.
    26 | D        | Found Xonur's Do-It-Yourself Clinic.
    31 | D        | Reached skill level 4 in Fighting
    31 | D        | Reached XP level 2. HP: 21/25 MP: 2/2
    41 | D        | Became a worshipper of Yredelemnul the Dark
    64 | D        | Found Ymot Qa Osu's Weapon Rack.
    66 | D        | Found Lups's Basic Armour.
    66 | D        | Found Lahoq's Miscellaneous Merchandise.
    67 | D        | Found a hide-covered altar of Uskayaw.
    67 | D        | Found a stormy altar of Qazlal.
    67 | D        | Found a snail-covered altar of Cheibriados.
    67 | D        | Found Qiewiwni's Premium Goods.
    91 | D        | Upgraded the game from 0.29-a0-103-g37f86683bf to
                  | 0.29-a0-113-g078de9bc30
    94 | D        | Arena points: 5 (+5) [x1]
   109 | D        | Round 2.
   110 | D        | Noticed a phantom
   140 | D        | HP: 1/25 [goblin (4)]
   140 | D        | Slain by a phantom

Illustrated notes

Levels and vault maps discovered:
D:        arena_sprint

Skill      XL: |  1 |
---------------+----+-----
Fighting       | 4 |  4.1
Polearms       | |  3.3
Armour         | |  2.8
Shields        | |  3.7

Action                   || total
-------------------------++-------
Melee: Trident           ||    32
  Use: Potion            ||     1
Armor: Scale mail        ||    11
Dodge: Dodged            ||    11
Block: Buckler           ||     8

Table legend: (Time is in decaauts)
 A = Elapsed time spent in this place.
 B = Non-inter-level travel time spent in this place.
 C = Inter-level travel time spent in this place.
 D = Time resting spent in this place.
 E = Time spent auto-exploring this place.
 F = Levels seen in this place.
 G = Mean time per level.
                   A        B        C        D        E       F      G
               +--------+--------+--------+--------+--------+-----+--------+
         Total |    144 |    144 |      0 |      0 |     30 |   1 |  144.0 |
       Dungeon |    144 |    144 |      0 |      0 |     30 |   1 |  144.0 |
               +--------+--------+--------+--------+--------+-----+--------+

Top non-repeatable levels by time:
       D: 144 daAuts
